 Dungeon Crawl Stone Soup version 0.30.0-18-gc0e69614cb (webtiles) character file.

Game seed: 6402294579946313878

1474286 AarnesTheHuman the Conqueror (level 27, 224/224 HPs)
             Began as a Formicid Hunter on May 15, 2023.
             Was the Champion of Ru.
             Escaped with the Orb
             ... and 3 runes on May 25, 2023!
             The game lasted 03:58:16 (92641 turns).

AarnesTheHuman the Conqueror (Formicid Hunter)     Turns: 92641, Time: 03:58:17

Health: 224/224    AC: 43    Str: 26    XL:     27
Magic:  10/10      EV: 14    Int:  9    God:    Ru [******]
Gold:   6073       SH: 27    Dex: 22    Spells: 29/36 levels left

rFire   + + .        W - +7 executioner's axe (antimagic)
rCold   + . .        X - +0 tower shield
rNeg    . . .        Y - +12 gold dragon scales
rPois   +            (helmet unavailable)
rElec   .            D - scarf {rC+ rF+}
rCorr   +            g - +0 pair of fencer's gloves {Riposte Dex+3}
SInv    +            d - +2 pair of boots {Stlth+}
Will    ++++.        f - amulet of reflection Stlth
                     K - ring of Abbith {rF+ rCorr}
HPRegen 0.57/turn    w - ring of willpower
MPRegen 0.12/turn

%: reflection
@: studying Translocations
A: permanent stasis, dig shafts and tunnels, antennae 3, frail 1, inability to
use devices, hated by all, temperature sensitive, four strong arms, hooves 1,
dopey 1, strong-willed 1, MP-powered wands
0: Orb of Zot
}: 3/15 runes: decaying, serpentine, silver
a: Dig, Shaft Self, Renounce Religion, Draw Out Power, Power Leap, Apocalypse


You escaped.
You worshipped Ru.
Ru was exalted by your worship.
You visited 9 branches of the dungeon, and saw 47 of its levels.
You also visited: Trove, Sewer, Gauntlet, Wizlab and Desolation.

You collected 10414 gold pieces.
You spent 4341 gold pieces at shops.

Inventory:

Hand Weapons
 a - a +1 arbalest of electrocution
 b - a +8 vampiric broad axe
 o - a +2 heavy arbalest
 u - the +5 morningstar of the Elven Halls {venom, rElec rN+}
   (You found it on level 2 of the Swamp)

   rElec:     It insulates you from electricity.
   rN:        It protects you from negative energy.
 T - the +5 spear of Vamimor {drain, rPois rF++ Will+ Stlth+}
   (You took it off a kobold brigand on level 8 of the Dungeon)

   rF:        It greatly protects you from fire.
   rPois:     It protects you from poison.
   Will:      It increases your willpower.
   Stlth:     It makes you more stealthy.
 W - a +7 antimagic executioner's axe (weapon)
Missiles
 x - 2 curare-tipped darts (quivered)
 I - 50 poisoned darts
 L - a throwing net
Armour
 d - a +2 pair of boots of stealth (worn)
 g - the +0 pair of fencer's gloves (worn) {Riposte Dex+3}
   (You found it on level 5 of the Lair of Beasts)

   Riposte:   It allows the wearer to riposte with melee weapons, swiftly
   retaliating against missed or blocked melee attacks.
   Dex:       It affects your dexterity (+3).
 t - a +2 pair of boots of flying
 D - a scarf of resistance (worn)
 X - a +0 tower shield (worn)
 Y - +12 gold dragon scales (worn)
Magical Staves
 B - the staff of cold "Lurozil" {rElec rC+}
   (You found it on level 1 of the Orcish Mines)

   [staff of cold]

   Base accuracy: +5 Base damage: 5 Base attack delay: 1.2 This weapon's minimum
   attack delay (0.6) is reached at skill level 12.
   rC:        It protects you from cold.
   rElec:     It insulates you from electricity.
   It falls into the 'Staves' category.
   It is a weapon for one hand-pair.
Jewellery
 e - the ring "Ilegi" {rF- rC+ Dex+3 Slay+3}
   (You found it in a treasure trove)

   [ring of protection from cold]

   Dex:       It affects your dexterity (+3).
   Slay:      It affects your accuracy & damage with ranged weapons and melee
   (+3).
   rF:        It makes you vulnerable to fire.
   rC:        It protects you from cold.
 f - an amulet of reflection (around neck)
 h - a +6 ring of dexterity
 p - a ring of flight
 w - a ring of willpower (right hand)
 A - a ring of positive energy
 E - the ring of Gaigaaj {rC+ Str+4 Dex+2}
   (You found it in the Desolation of Salt)

   [ring of protection from cold]

   Str:       It affects your strength (+4).
   Dex:       It affects your dexterity (+2).
   rC:        It protects you from cold.
 H - the ring of Dimoid {Wiz rF+}
   (You found it on level 5 of the Vaults)

   [ring of wizardry]

   It improves your spell success rate.
   rF:        It protects you from fire.
 K - the ring of Abbith (left hand) {rF+ rCorr}
   (You took it off a servant of whispers in the Desolation of Salt)

   [ring of resist corrosion]

   rF:        It protects you from fire.
   rCorr:     It protects you from acid and corrosion.
 M - the ring "Jiar" {rPois MP+9 Str+2}
   (You found it in a wizard's laboratory)

   [ring of magical power]

   Str:       It affects your strength (+2).
   rPois:     It protects you from poison.
   MP:        It affects your magic capacity (+9).
 N - a ring of willpower
 O - the ring of Liberty {rC+ Str+6 Dex+4 Stlth-}
   (You took it off a ragged hierophant in the Desolation of Salt)

   [ring of strength]

   Str:       It affects your strength (+6).
   Dex:       It affects your dexterity (+4).
   rC:        It protects you from cold.
   Stlth:     It makes you less stealthy.
 Q - a ring of wizardry
 Z - the ring of Geor Lyrch {rF+ Dex+6 SInv}
   (You found it on level 5 of the Vaults)

   [ring of dexterity]

   Dex:       It affects your dexterity (+6).
   rF:        It protects you from fire.
   SInv:      It lets you see invisible.
Scrolls
 l - 16 scrolls of immolation
 m - 8 scrolls of poison
 q - 11 scrolls of vulnerability
 y - a scroll of silence
 C - 8 scrolls of fear
 P - 5 scrolls of magic mapping
 S - 4 scrolls of fog
 V - 3 scrolls of torment
Potions
 c - 4 potions of cancellation
 i - 3 potions of mutation
 j - 12 potions of flight
 k - 12 potions of ambrosia
 n - 11 potions of brilliance
 r - 8 potions of resistance
 s - 7 potions of lignification
 v - 11 potions of heal wounds
 z - 19 potions of curing
 F - 10 potions of might
 G - 6 potions of attraction
 J - 4 potions of magic
 U - 5 potions of invisibility


   Skills:
 O Level 27 Fighting
 + Level 23.3(24.0) Axes
 - Level 10.0(18.0) Polearms
 - Level 18.0 Ranged Weapons
 + Level 24.0 Armour
 - Level 14.0 Dodging
 - Level 2.0 Stealth
 - Level 17.0 Shields
 - Level 5.0 Spellcasting
 - Level 4.0 Hexes
 - Level 9.0 Translocations


You had 29 spell levels left.
You knew the following spells:

 Your Spells              Type           Power      Damage    Failure   Level
a - Passage of Golubria   Tloc           18%        N/A       71%         4
b - Portal Projectile     Hex/Tloc       26%        N/A       65%         3

Your spell library contained the following spells:

 Spells                   Type           Power      Damage    Failure   Level
 Apportation              Tloc           36%        N/A       11%         1
 Lesser Beckoning         Tloc           36%        N/A       16%         2
 Gell's Gravitas          Tloc           18%        N/A       32%         3
 Teleport Other           Tloc           18%        N/A       32%         3
 Slow                     Hex            36%        N/A       63%         1
 Momentum Strike          Conj/Tloc      20%        3d8       71%         2
 Manifold Assault         Tloc           18%        N/A       71%         4
 Volatile Blastmotes      Fire/Tloc      20%        2d11      90%         3
 Confusing Touch          Hex            9%         N/A       94%         3
 Ensorcelled Hibernation  Hex/Ice        10%        N/A       96%         2
 Beastly Appendage        Tmut           4%         N/A       99%         1
 Foxfire                  Conj/Fire      8%         2x1d4     99%         1
 Kiss of Death            Conj/Necr      8%         2d6       99%         1
 Magic Dart               Conj           8%         1d3       99%         1
 Necrotise                Necr           8%         1d4       99%         1
 Sandblast                Erth           4%         2d4       99%         1
 Shock                    Conj/Air       8%         1d3       99%         1
 Dazzling Flash           Conj/Hex       10%        N/A       99%         3
 Cigotuvi's Dreadful Rot  Necr/Pois/Air  4%         N/A       100%        2
 Passwall                 Tmut/Erth      1%         N/A       100%        2
 Poisonous Vapours        Pois/Air       4%         N/A       100%        2
 Searing Ray              Conj           4%         2d4       100%        2
 Static Discharge         Conj/Air       4%         2-3/arc   100%        2
 Wereblood                Tmut           2%         N/A       100%        2
 Ignite Poison            Fire/Tmut/Pois 2%         N/A       100%        3
 Mephitic Cloud           Conj/Pois/Air  2%         N/A       100%        3
 Ozocubu's Armour         Ice            2%         N/A       100%        3
 Spider Form              Tmut/Pois      2%         N/A       100%        3
 Stone Arrow              Conj/Erth      4%         3d7       100%        3
 Vampiric Draining        Necr           2%         2d6       100%        3
 Airstrike                Air            1%         2d(1-17)  100%        4
 Anguish                  Hex/Necr       2%         N/A       100%        4
 Cause Fear               Hex            4%         N/A       100%        4
 Dispel Undead            Necr           2%         3d7       100%        4
 Flame Wave               Conj/Fire      2%         2d4       100%        4
 Fulminant Prism          Conj/Hex       2%         3d5       100%        4
 Iskenderun's Mystic Bla  Conj/Tloc      10%        2d4       100%        4
 Leda's Liquefaction      Hex/Erth       2%         N/A       100%        4
 Olgreb's Toxic Radiance  Pois           2%         N/A       100%        4
 Sticky Flame             Conj/Fire      2%         2d3       100%        4
 Alistair's Intoxication  Tmut/Pois      1%         N/A       100%        5
 Arcjolt                  Conj/Air       1%         1d11      100%        5
 Blade Hands              Tmut           1%         N/A       100%        5
 Borgnjor's Vile Clutch   Necr/Erth      1%         N/A       100%        5
 Freezing Cloud           Conj/Ice/Air   1%         6-21      100%        5
 Lee's Rapid Deconstruct  Erth           1%         3d4*      100%        5
 Metabolic Englaciation   Hex/Ice        2%         N/A       100%        5
 Silence                  Hex/Air        2%         N/A       100%        5
 Yara's Violent Unravell  Hex/Tmut       2%         3d3       100%        5
 Conjure Ball Lightning   Conj/Air       1%         3x3d6     100%        6
 Dispersal                Tloc           9%         N/A       100%        6
 Eringya's Noxious Bog    Tmut/Pois      1%         N/A       100%        6
 Plasma Beam              Fire/Air       1%         2x1d12    100%        6
 Starburst                Conj/Fire      1%         6d3       100%        6
 Statue Form              Tmut/Erth      1%         N/A       100%        6
 Dragon Form              Tmut           1%         N/A       100%        7
 Ozocubu's Refrigeration  Ice            1%         4d7       100%        7
 Storm Form               Tmut/Air       1%         N/A       100%        7
 Discord                  Hex            4%         N/A       100%        8
 Disjunction              Tloc           9%         N/A       100%        8
 Ignition                 Fire           1%         3d3       100%        8
 Lehudib's Crystal Spear  Conj/Erth      1%         10d2      100%        8
 Maxwell's Capacitive Co  Air            1%         ∞         100%        8
 Chain Lightning          Conj/Air       1%         3d1       100%        9
 Fire Storm               Conj/Fire      1%         7d1       100%        9
 Polar Vortex             Ice            1%         N/A       100%        9
 Shatter                  Erth           1%         3d5*      100%        9
 Blink                    Tloc           Unusable   N/A       N/A         2
 Vhi's Electric Charge    Tloc/Air       Unusable   N/A       N/A         3
 Tukima's Dance           Hex            Unusable   N/A       N/A         3
 Swiftness                Air            Unusable   N/A       N/A         3
 Animate Dead             Necr           Unusable   N/A       N/A         4
 Summon Lightning Spire   Summ/Air       Unusable   N/A       N/A         4
 Death Channel            Necr           Unusable   N/A       N/A         6
 Simulacrum               Ice/Necr       Unusable   N/A       N/A         6
 Malign Gateway           Summ/Tloc      Unusable   N/A       N/A         7
 Dragon's Call            Summ           Unusable   N/A       N/A         9

Dungeon Overview and Level Annotations

Branches:
Dungeon (15/15)            Temple (0/1) D:7            Lair (5/5) D:10
  Swamp (4/4) Lair:2        Snake (4/4) Lair:2        Slime (0/5) Lair:4
    Orc (2/2) D:10            Elf (3/3) Orc:2        Vaults (5/5) D:14
  Crypt (0/3) Vaults:2     Depths (4/4) D:15            Zot (5/5) Depths:4
  Sewer (visited)          WizLab (visited)         Desolation (visited)
Gauntlet (visited)

Altars:
Ashenzari
Dithmenos
Elyvilon
Nemelex Xobeh
Okawaru
Qazlal
Ru
Sif Muna
Trog
Uskayaw
Vehumet
Wu Jian
Zin
The Shining One

Shops:
D:10 ?   D:12 ?[=   Orc:2 (=[(   Elf:2 :   Snake:4 [(::   Vaults:1 ((
Vaults:5 *   Depths:2 ?   Depths:3 =*[[?

Portals:
Hell: Depths:1 Depths:2 Depths:3 Depths:4
Abyss: Depths:2 Depths:3
Pandemonium: Depths:1 Depths:2
Ziggurat: Depths:2

Annotations:
D:3 1 runed translucent door, exclusion: downstairs, Crazy Yiuf
D:12 exclusion: downstairs
Lair:3 exclusion: downstairs
Lair:4 3 runed translucent doors, exclusions: 3 doors and 2 downstairs, Odimp's ghost, journeyman KoWn
Snake:1 2 transporters, exclusions: downstairs and obsidian statue
Snake:2 exclusion: downstairs
Snake:3 1 runed translucent door, exclusion: door, laial's ghost, adept GrFi
Orc:2 1 runed translucent door, dvd2's ghost, journeyman MiGl
Elf:1 1 runed translucent door
Vaults:2 exclusion: downstairs
Vaults:4 exclusion: downstairs
Depths:2 2 runed translucent doors, exclusion: 2 downstairs
Depths:3 exclusion: 3 downstairs
Zot:2 exclusion: downstairs
Zot:3 2 transporters, exclusion: downstairs


Innate Abilities, Weirdness & Mutations

You cannot be hasted, slowed, berserked, paralysed or teleported.
You can dig through walls and to a lower floor.
You have a pair of large antennae on your head. (SInv)
You are frail. (-10% HP)
You cannot study or use magical devices.
You are hated by all.
You are sensitive to extremes of temperature. (rF-, rC-)
Your four strong arms can wield two-handed weapons with a shield.
You have large cloven feet.
You are dopey. (Int -2)
You are strong-willed. (Will+)
You expend magic power (3 MP) to strengthen your wands.


Message History

There is a stone staircase leading down here.
(D) Dungeon (T) Temple (L) Lair (S) Swamp (P) Snake Pit (M) Slime Pits (O) Orcish Mines (E) Elven Halls (V) Vaults (C) Crypt (U) Depths (H) Hell (Z) Zot
Where to? (Enter - D:1, ? - help)
A glowing orange brain comes into view.
You carve the glowing orange brain like a ham!!!
The glowing orange brain's magic leaks into the air.
The glowing orange brain is severely wounded.
You chop the glowing orange brain into pieces!!!
You kill the glowing orange brain!
No target in view!
(D) Dungeon (T) Temple (L) Lair (S) Swamp (P) Snake Pit (M) Slime Pits (O) Orcish Mines (E) Elven Halls (V) Vaults (C) Crypt (U) Depths (H) Hell (Z) Zot
Where to? (Enter - D:1, ? - help)
Things that are here:
a +0 halberd; a +2 halberd of flaming
There is a stone staircase leading up, spattered with blood here.
You climb upwards.
Level annotation: 1 runed translucent door, exclusion: downstairs, Crazy Yiuf
There is a stone staircase leading down here.
There is an open door here.
You see here a +0 leather armour.
There is an open door here.
There is a stone staircase leading up here.
You climb upwards.
There is a stone staircase leading down here.
There is an open door here.
There is a stone staircase leading up here.
You climb upwards.
There is a stone staircase leading down here.
There is an open door here.
You enter the shallow water.
Moving in this stuff is going to be slow.
There is an open door here.
There is a staircase leading out of the dungeon here.
You have escaped!

.......#
###'###
..######
#.....# ..#
#.....# ..#
#.....# ..#
#.###.# .†#
#.#.#.#
..##########
#.###.#
...........#
#.....#
...........#
#..@..#
#..........#
#.....#
############
####### # #
# # #


There were no monsters in sight!

Vanquished Creatures
  5 dread liches (Zot:5)
  4 orbs of fire
  7 ancient liches
  2 juggernauts (Depths:3)
  3 Killer Klowns (Zot:5)
  Parghit (Depths:4)
  5 curse toes
  5 golden dragons
  A bone dragon (Depths:4)
  4 electric golems
  29 Orb Guardians
  A Hell Sentinel (D:14)
  Rupert (Snake:1)
  20 tentacled monstrosities
  4 liches
  3 deep elf blademasters
  3 quicksilver dragons
  A moon troll (WizLab)
  4 titans
  Asterion (Snake:1)
  2 deep elf master archers (Elf:3)
  9 sphinxes
  9 tentacled starspawn (WizLab)
  Kirke (Lair:4)
  11 shadow dragons
  9 tengu reavers
  A thorn hunter (Swamp:3)
  8 death cobs
  Roxanne (Elf:3)
  14 draconian monks
  4 fire giants
  5 nagarajas
  6 draconian knights
  10 draconian scorchers
  11 storm dragons
  10 deep elf sorcerers
  3 iron dragons
  8 frost giants
  A balrug (Depths:1)
  A ghost moth (Zot:4)
  2 imperial myrmidons (Desolation)
  14 vault wardens
  5 draconian shifters
  2 angels (Vaults:1)
  6 deep elf elementalists (Elf:3)
  Aizul (Snake:1)
  A cacodemon (WizLab)
  7 orc warlords
  9 draconian annihilators
  6 draconian stormcallers
  22 very ugly things
  4 ironbound thunderhulks
  16 ironbound preservers
  A demonspawn blood saint (Depths:4)
  5 war gargoyles
  A reaper (Zot:2)
  16 stone giants
  6 vampire knights
  16 red draconians
  3 yellow draconians
  A bunyip (Swamp:4)
  3 deep elf demonologists
  7 dire elephants
  14 green draconians
  7 black draconians
  7 white draconians
  4 eleionomae
  A halazid warlock (Desolation)
  10 deep elf annihilators
  A minotaur (Gauntlet)
  10 purple draconians
  Snorg (Lair:5)
  9 spark wasps
  5 deep elf death magi
  7 crystal guardians
  11 ettins
  20 fire dragons
  A jiangshi (Vaults:2)
  2 shambling mangroves
  A merfolk javelineer (Depths:1)
  23 yaktaur captains
  6 great orbs of eyes
  3 entropy weavers
  12 ice dragons
  10 ragged hierophants (Desolation)
  8 deep elf high priests
  11 servants of whispers (Desolation)
  5 rakshasas
  15 peacekeepers
  A quicksilver dragon skeleton (Vaults:2)
  3 ghost crabs
  A hell beast (Depths:3)
  35 vault guards
  4 salamander tyrants (Depths:3)
  3 ogre magi
  3 catoblepae (Lair:5)
  14 hydras
  2 spriggan air magi
  12 centaur warriors
  A death knight (D:15)
  2 merfolk aquamancers (Depths:3)
  8 ironbound frosthearts
  An anaconda (shapeshifter) (Vaults:4)
  30 dancing weapons
  7 boulder beetles
  4 alligators
  6 anacondas
  8 death yaks
  19 two-headed ogres
  3 tengu warriors
  A hell hog (Depths:4)
  9 spriggan berserkers
  10 naga warriors
  3 deep troll shamans
  3 vampire magi
  10 naga sharpshooters
  8 deep troll earth magi
  4 shock serpents
  10 deep elf knights
  2 sun demons
  8 hell knights
  A soul eater (Depths:4)
  3 iron trolls
  A skyshark (Lair:4)
  2 goliath frogs (Swamp:1)
  7 spriggan druids
  A flayed ghost (Depths:4)
  A glowing orange brain (shapeshifter) (Depths:4)
  11 glowing orange brains
  5 sea snakes (Snake:4)
  46 deep trolls
  9 swamp dragons
  An orange crystal statue (WizLab)
  A swamp dragon (shapeshifter) (D:13)
  4 naga ritualists
  7 lindwurms
  12 deep elf archers
  28 ironbound convokers
  13 wizards
  6 bog bodies
  4 phantasmal warriors
  2 obsidian statues (Zot:5)
  8 necromancers
  19 deep elf pyromancers
  28 deep elf zephyrmancers
  6 cyclopes
  9 mana vipers
  A shadow dragon skeleton (Vaults:5)
  3 will-o-the-wisps
  3 manticores
  12 orc knights
  32 moths of wrath
  An oklob plant (Lair:1)
  12 salamanders
  7 elephants
  48 ugly things
  30 slime creatures
  2 elephants (shapeshifter)
  17 vault sentinels
  30 black mambas
  Maurice (D:8)
  2 rust devils
  A gargoyle (D:12)
  An eye of devastation (shapeshifter) (Vaults:4)
  A torpor snail (Lair:2)
  12 cane toads
  A smoke demon (Depths:1)
  11 naga magi
  6 guardian serpents
  7 eyes of devastation (WizLab)
  29 yaktaurs
  2 orange demons (Depths:1)
  An unseen horror (D:12)
  A hellion (Depths:2)
  3 rime drakes
  A dryad (Depths:3)
  A tengu conjurer (Depths:3)
  3 freezing wraiths
  2 ice devils
  An efreet (Zot:2)
  5 komodo dragons
  A red devil (Depths:1)
  11 trolls
  16 hornets
  59 saltlings (Desolation)
  4 tyrant leeches
  A merfolk (Depths:3)
  A tengu simulacrum (Vaults:2)
  Prince Ribbit (D:8)
  A polar bear (Lair:2)
  3 hellwings
  A dream sheep (Lair:2)
  Grinder (Sewer)
  A human simulacrum (Vaults:2)
  5 blink frogs
  An ettin skeleton (Vaults:5)
  12 spriggans
  A shadow (D:11)
  3 water elementals (Depths:4)
  A vampire (D:11)
  3 ynoxinuls
  3 hogs
  A fire bat (Gauntlet)
  2 wraiths
  A wyvern (D:10)
  38 yaks
  A golden eye (shapeshifter) (Elf:3)
  4 golden eyes (WizLab)
  5 basilisks
  2 neqoxecs
  3 redbacks (Vaults:1)
  17 vampire mosquitoes
  9 wargs
  2 acid dragons (D:11)
  6 large abominations
  31 nagas
  5 small abominations (Gauntlet)
  11 water moccasins
  16 swamp worms
  9 swamp drakes
  A black bear (Lair:1)
  29 orc warriors
  5 ice beasts
  23 wolves
  17 ogres
  A boggart (D:12)
  18 centaurs
  A human zombie (Vaults:5)
  5 kobold brigands
  2 elf zombies (Elf:1)
  Blork the orc (D:4)
  7 bullfrogs
  2 gnoll sergeants
  A scorpion (D:5)
  2 earth elementals
  A human skeleton (Vaults:2)
  A killer bee (D:8)
  2 electric eels
  7 howler monkeys
  A quasit (Sewer)
  2 hounds
  21 orc priests
  2 gnoll boudas
  14 starcursed masses (WizLab)
  Ijyb (D:3)
  2 iguanas
  Jessica (D:2)
  3 sleepcaps
  29 orc wizards
  Robin (D:2)
  4 adders
  20 gnolls
  4 shadow imps
  A white imp (D:6)
  9 ufetubi
  2 worms (D:2)
  4 dart slugs
  84 orcs
  6 endoplasms
  6 giant cockroaches
  14 goblins
  6 hobgoblins
  9 quokkas
  21 ball pythons
  4 bats
  5 frilled lizards
  43 kobolds
  12 rats
  5 starspawn tentacles (WizLab)
2101 creatures vanquished.

Vanquished Creatures (others)
  2 death cobs
  A thorn hunter (Swamp:3)
  An imperial myrmidon (Desolation)
  A ghost moth (Zot:2)
  A draconian annihilator (Zot:3)
  An ironbound preserver (Vaults:2)
  An ironbound thunderhulk (Vaults:4)
  An eleionoma (Depths:3)
  A green draconian (Zot:2)
  2 white draconians
  A yellow draconian (Zot:1)
  A spark wasp (Depths:3)
  A dire elephant (Vaults:3)
  A purple draconian (Zot:5)
  A blizzard demon (Depths:4)
  A crystal guardian (Desolation)
  2 ettins (Vaults:5)
  2 yaktaur captains
  2 servants of whispers (Desolation)
  2 hydras
  An ogre mage (Orc:2)
  2 alligators
  A two-headed ogre (D:12)
  A dancing weapon (Elf:2)
  A tengu warrior (Depths:1)
  A deep troll earth mage (Depths:3)
  A naga warrior (Snake:1)
  2 deep elf knights (Elf:3)
  A skeletal warrior (D:13)
  2 deep trolls
  2 ironbound convokers
  A phantasmal warrior (Vaults:4)
  A necromancer (Vaults:5)
  A deep elf pyromancer (Elf:3)
  A will-o-the-wisp (Swamp:4)
  An ugly thing (Vaults:3)
  A moth of wrath (Zot:4)
  A salamander (Snake:4)
  A mana viper (Snake:3)
  A black mamba (Snake:3)
  5 yaktaurs
  2 trolls (Orc:1)
  4 bloated husks
  A tyrant leech (Swamp:2)
  A blink frog (Lair:4)
  5 saltlings (Desolation)
  A slime creature (D:13)
  3 water elementals (Depths:1)
  A spriggan (Swamp:2)
  4 yaks
  A hog (Lair:4)
  A vampire mosquito (Swamp:1)
  A warg (Orc:1)
  A swamp worm (Swamp:2)
  A human zombie (Vaults:5)
  A water moccasin (Lair:5)
  3 orc warriors
  A black bear (D:8)
  2 wolves
  2 ogres (Orc:1)
  A bullfrog (Lair:4)
  A kobold brigand (Sewer)
  An earth elemental (Elf:1)
  2 orc wizards
  An orc (D:7)
  An endoplasm (Sewer)
  10 foxfires (Swamp:4)
  16 starspawn tentacles (WizLab)
124 creatures vanquished.

Grand Total: 2225 creatures vanquished

Notes
Turn   | Place    | Note
-------+----------+-------------------------------------------
     0 | D:1      | AarnesTheHuman the Formicid Hunter began the quest for the
                  | Orb.
     0 | D:1      | Reached XP level 1. HP: 16/16 MP: 1/1
    58 | D:1      | Reached XP level 2. HP: 23/23 MP: 2/2
   201 | D:1      | Reached XP level 3. HP: 28/28 MP: 3/3
   506 | D:1      | Reached skill level 3 in Fighting
   688 | D:2      | Noticed Robin
   690 | D:2      | Reached XP level 4. HP: 35/35 MP: 4/4
   929 | D:2      | Killed Robin
  1202 | D:2      | Identified the +5 dagger of the Gibberer {protect, rElec
                  | rN+ Str-2 Int+3}
  1339 | D:2      | Found a faded altar of an unknown god.
  1386 | D:2      | Reached XP level 5. HP: 37/41 MP: 5/5
  1653 | D:2      | Noticed Jessica
  1654 | D:2      | Killed Jessica
  1714 | D:2      | Reached skill level 5 in Ranged Weapons
  2016 | D:3      | Noticed Ijyb
  2038 | D:3      | Killed Ijyb
  2039 | D:3      | Reached skill level 4 in Fighting
  2063 | D:3      | Found a sacrificial altar of Ru.
  2067 | D:3      | Reached XP level 6. HP: 48/48 MP: 6/6
  2081 | D:3      | Became a worshipper of Ru the Awakened
  2579 | D:3      | Found a sparkling altar of Nemelex Xobeh.
  2603 | D:3      | Found a runed translucent door.
  2604 | D:3      | Noticed Crazy Yiuf
  3080 | D:4      | Found a glowing drain.
  3084 | Sewer    | Entered a sewer
  3296 | Sewer    | Noticed Grinder
  3321 | Sewer    | Reached XP level 7. HP: 50/55 MP: 7/7
  3325 | Sewer    | Killed Grinder
  3326 | Sewer    | Reached skill level 5 in Fighting
  3338 | Sewer    | Found a burning altar of Makhleb.
  3356 | Sewer    | Gained mutation: You cannot study or use magical devices.
                  | [Ru sacrifice]
  3356 | Sewer    | Reached * piety under Ru
  3356 | Sewer    | Reached ** piety under Ru
  3659 | D:4      | Noticed Blork the orc
  3932 | D:4      | Found a shimmering blue altar of Sif Muna.
  3935 | D:4      | Found a basalt altar of Yredelemnul.
  4112 | D:4      | Reached XP level 8. HP: 63/63 MP: 8/8
  4526 | D:4      | Killed Blork the orc
  4817 | D:5      | Entered Level 5 of the Dungeon
  4929 | D:5      | Found a radiant altar of Vehumet.
  5097 | D:5      | Reached skill level 6 in Fighting
  5105 | D:5      | Reached skill level 5 in Dodging
  5291 | D:5      | Found a shadowy altar of Dithmenos.
  5291 | D:5      | Found a glowing golden altar of the Shining One.
  5989 | D:6      | Reached skill level 1 in Shields
  6093 | D:6      | Reached skill level 1 in Armour
  6720 | D:6      | Reached XP level 9. HP: 67/71 MP: 9/9
  6836 | D:7      | Gained mutation: You are hated by all. [Ru sacrifice]
  6836 | D:7      | Reached *** piety under Ru
  6846 | D:7      | Reached skill level 7 in Fighting
  6943 | D:7      | Noticed a hornet
  6969 | D:7      | Killed a hornet
  7210 | D:7      | Found a staircase to the Ecumenical Temple.
  7271 | D:7      | Found an ornate altar of the Wu Jian Council.
  7425 | D:8      | Noticed Maurice
  7680 | D:8      | Killed Maurice
  7695 | D:8      | Reached skill level 5 in Shields
  7731 | D:8      | Noticed a two-headed ogre
  7740 | D:8      | Noticed Prince Ribbit
  7742 | D:8      | Noticed a tengu warrior
  7780 | D:7      | Killed a two-headed ogre
  7781 | D:7      | Reached skill level 8 in Fighting
  7781 | D:7      | Reached XP level 10. HP: 41/82 MP: 10/10
  7999 | D:8      | Noticed a two-headed ogre
  8058 | D:7      | Killed a two-headed ogre
  8059 | D:7      | Reached skill level 9 in Fighting
  8510 | D:8      | Identified the +5 spear of Vamimor {drain, rPois rF++ Will+
                  | Stlth+}
  8631 | D:8      | Killed Prince Ribbit
  8632 | D:8      | Reached skill level 1 in Polearms
  8747 | D:8      | Killed a tengu warrior
  8748 | D:8      | Reached skill level 5 in Polearms
  8972 | D:8      | Found an iron altar of Okawaru.
  9590 | D:9      | Found a bloodstained altar of Trog.
  9903 | D:9      | Reached XP level 11. HP: 89/89 MP: 11/11
 10147 | D:10     | Entered Level 10 of the Dungeon
 10150 | D:10     | Found a staircase to the Orcish Mines.
 10298 | D:10     | Found Ocopn's Magic Scroll Boutique.
 10363 | D:10     | Reached skill level 5 in Armour
 10365 | D:10     | Reached skill level 10 in Fighting
 10373 | D:10     | Found a staircase to the Lair.
 10716 | D:10     | Noticed a two-headed ogre
 10728 | D:10     | Killed a two-headed ogre
 11079 | D:10     | Gained mutation: You are frail. (-10% HP) [Ru sacrifice]
 11079 | D:10     | Reached **** piety under Ru
 11218 | D:11     | Reached skill level 11 in Fighting
 11253 | D:11     | Identified the +7 mace of Valuable Assets {flame, Fly rF-
                  | Int+6}
 11275 | D:11     | Reached skill level 10 in Ranged Weapons
 11365 | D:11     | Identified the +3 plate armour of the Realm of Zot {Regen+
                  | Str+2}
 11745 | D:11     | Identified the +2 war axe of Peril {pain, rElec rF- SInv}
 11854 | D:11     | Noticed a red ugly thing
 11869 | D:11     | Killed a red ugly thing
 11957 | D:11     | Found a glowing silver altar of Zin.
 11957 | D:11     | Noticed an angel
 12174 | Lair:1   | Entered Level 1 of the Lair of Beasts
 12344 | Lair:1   | Reached XP level 12. HP: 50/90 MP: 12/12
 12743 | Lair:1   | Reached skill level 12 in Fighting
 13101 | Lair:1   | Gained mutation: You are sensitive to extremes of
                  | temperature. (rF-, rC-) [Ru sacrifice]
 13101 | Lair:1   | Reached ***** piety under Ru
 13101 | Lair:1   | Reached ****** piety under Ru
 13229 | Lair:2   | Found a staircase to the Snake Pit.
 13300 | Lair:2   | Found a gate leading to a gauntlet.
 13307 | Gauntlet | Entered a Gauntlet
 13307 | Gauntlet | Found a transporter.
 13307 | Gauntlet | Found a transporter.
 13307 | Gauntlet | Found a transporter.
 13308 | Gauntlet | Found a transporter.
 13321 | Gauntlet | Found a transporter.
 13321 | Gauntlet | Found a transporter.
 13329 | Gauntlet | Found a transporter.
 13332 | Gauntlet | Found a transporter.
 13340 | Gauntlet | Found a transporter.
 13340 | Gauntlet | Noticed a fire crab
 13360 | Gauntlet | Found a transporter.
 13363 | Gauntlet | Noticed a ghost crab
 13376 | Gauntlet | Found a transporter.
 13378 | Gauntlet | Found a transporter.
 13534 | Gauntlet | Reached skill level 13 in Fighting
 13747 | Gauntlet | Noticed a minotaur
 13777 | Gauntlet | Killed a minotaur
 14207 | Lair:2   | Reached XP level 13. HP: 74/99 MP: 13/13
 14273 | Lair:2   | Found a staircase to the Swamp.
 14604 | Lair:2   | Reached skill level 14 in Fighting
 14658 | Lair:2   | Noticed a four-headed hydra
 14678 | Lair:2   | Killed a four-headed hydra
 16059 | Lair:4   | Found a runed translucent gate.
 16059 | Lair:4   | Found a runed translucent gate.
 16059 | Lair:4   | Found a runed translucent gate.
 16060 | Lair:4   | Noticed Odimp's ghost (journeyman KoWn)
 16493 | Lair:4   | Found a staircase to the Slime Pits.
 16934 | Lair:5   | Entered Level 5 of the Lair of Beasts
 17352 | Lair:4   | Reached skill level 15 in Fighting
 17422 | Lair:4   | Reached skill level 10 in Shields
 17768 | Lair:5   | Noticed Kirke
 17789 | Lair:4   | Reached XP level 14. HP: 93/111 MP: 14/14
 18019 | Lair:5   | Noticed a sphinx
 18046 | Lair:4   | Killed Kirke
 18047 | Lair:4   | Reached skill level 16 in Fighting
 18206 | Lair:5   | Noticed Snorg
 18218 | Lair:5   | Killed Snorg
 19022 | Lair:5   | HP: 5/112 [barbs]
 20236 | Lair:5   | Found the +0 pair of fencer's gloves {Riposte Dex+3}
 20415 | Orc:1    | Entered Level 1 of the Orcish Mines
 21243 | Orc:1    | Noticed an orc warlord
 21410 | D:10     | Killed an orc warlord
 21535 | Orc:1    | Noticed an orc warlord
 21540 | Orc:1    | Noticed an orc warlord
 21658 | D:10     | Killed an orc warlord
 21744 | D:10     | Killed an orc warlord
 21950 | Orc:1    | Identified the staff of cold "Lurozil" {rElec rC+}
 22077 | Orc:2    | Entered Level 2 of the Orcish Mines
 22206 | Orc:1    | Reached XP level 15. HP: 80/117 MP: 15/15
 22583 | Orc:2    | Reached skill level 10 in Armour
 22878 | Orc:2    | Found Oshrull's Antique Weapon Boutique.
 22885 | Orc:2    | Found Osympuoz's Antique Armour Shop.
 22885 | Orc:2    | Found a staircase to the Elven Halls.
 22895 | Orc:2    | Found Egeps's Jewellery Shoppe.
 22904 | Orc:2    | Found Won Xonu's Weapon Boutique.
 23187 | Orc:2    | Found a runed translucent door.
 23393 | Orc:2    | Noticed dvd2's ghost (journeyman MiGl)
 23507 | D:12     | Found Fasovuank's Armour Shoppe.
 23644 | D:12     | Found Aferoo's Magic Scroll Boutique.
 23651 | D:12     | Bought a scroll of acquirement for 624 gold pieces
 23651 | D:12     | Acquired 567 gold pieces
 24068 | D:12     | Reached skill level 10 in Polearms
 24068 | D:12     | Reached skill level 15 in Ranged Weapons
 24073 | D:12     | Learned a level 4 spell: Passage of Golubria
 24138 | D:13     | Reached skill level 1 in Translocations
 24564 | D:13     | Identified the +0 scale mail of Puckish Joy {Harm Will+
                  | Str+4 Stlth-}
 24931 | D:12     | Reached XP level 16. HP: 95/125 MP: 16/16
 25027 | D:12     | Found Ilas's Jewellery Shop.
 25091 | D:12     | Upgraded the game from 0.30.0-10-gfe55d96785 to
                  | 0.30.0-15-g856e2d3f33
 25588 | D:14     | You fall into a shaft and drop 1 floor!
 25588 | D:15     | Entered Level 15 of the Dungeon
 25799 | D:14     | Identified the +3 short sword of Hubris {venom, rN+++ Str+4
                  | Dex-2}
 25856 | D:14     | Found a gate to the Vaults.
 26288 | D:15     | Reached skill level 1 in Axes
 26889 | D:15     | Found a staircase to the Depths.
 27212 | Orc:2    | Bought a ring of ice for 300 gold pieces
 27666 | D:12     | Bought a +1 pair of boots of flying for 297 gold pieces
 27768 | Swamp:1  | Entered Level 1 of the Swamp
 27787 | Lair:2   | Reached skill level 5 in Axes
 28786 | Swamp:2  | Identified the +5 morningstar of the Elven Halls {venom,
                  | rElec rN+}
 29402 | Swamp:3  | Noticed a tentacled monstrosity
 29411 | Swamp:3  | Killed a tentacled monstrosity
 29453 | Swamp:3  | Noticed a thorn hunter
 29470 | Swamp:3  | Killed a thorn hunter
 29614 | Swamp:2  | Reached XP level 17. HP: 125/131 MP: 17/17
 30511 | Swamp:3  | Reached skill level 10 in Axes
 30706 | Swamp:4  | Entered Level 4 of the Swamp
 32222 | Swamp:3  | Reached skill level 17 in Fighting
 32357 | Swamp:4  | Noticed a thorn hunter
 32375 | Swamp:3  | Killed a thorn hunter
 33165 | Swamp:4  | Got a decaying rune of Zot
 33230 | Swamp:4  | Upgraded the game from 0.30.0-15-g856e2d3f33 to
                  | 0.30.0-17-ge0270778cf
 33477 | D:12     | Bought a ring of poison resistance for 220 gold pieces
 33597 | Snake:1  | Entered Level 1 of the Snake Pit
 33671 | Snake:1  | Noticed Aizul
 33680 | Snake:1  | Killed Aizul
 33870 | Snake:1  | Found a transporter.
 33972 | Snake:1  | Noticed Rupert
 34106 | Snake:1  | Killed Rupert
 34470 | Snake:1  | Reached XP level 18. HP: 138/138 MP: 18/18
 34481 | Snake:1  | Noticed Asterion
 34498 | Snake:1  | Killed Asterion
 34606 | Snake:1  | Found a transporter.
 36256 | Snake:3  | Found a runed translucent door.
 36257 | Snake:3  | Noticed laial's ghost (adept GrFi)
 36991 | Snake:4  | Entered Level 4 of the Snake Pit
 36991 | Snake:4  | Found Vaniskiw's Antique Weapon Boutique.
 37160 | Snake:4  | Found Baum's Book Boutique.
 37673 | Snake:4  | Found Seet's Book Emporium.
 37891 | Snake:4  | Found Riaja's Armour Shop.
 38866 | Snake:4  | Found Baum's Book Boutique.
 39018 | Snake:4  | Found Seet's Book Emporium.
 39109 | Snake:4  | Found Vaniskiw's Antique Weapon Boutique.
 39555 | Snake:4  | Found Riaja's Armour Shop.
 39874 | Snake:4  | Reached skill level 18 in Fighting
 39920 | Snake:4  | Got a serpentine rune of Zot
 40302 | Vaults:1 | Entered Level 1 of the Vaults
 40351 | Vaults:1 | Reached XP level 19. HP: 146/146 MP: 19/19
 40666 | Vaults:1 | Found a white marble altar of Elyvilon.
 40669 | Vaults:1 | Found a glowing golden altar of the Shining One.
 40670 | Vaults:1 | Found a crumbling gateway.
 40679 | Vaults:1 | Found a glowing silver altar of Zin.
 40735 | Desolati | Entered the Desolation of Salt
 40835 | Desolati | Identified the amulet "Falampor" {Spirit Regen+}
 41036 | Desolati | Identified the ring of Gaigaaj {rC+ Str+4 Dex+2}
 41371 | Desolati | Reached skill level 19 in Fighting
 41406 | Desolati | Reached skill level 15 in Axes
 41462 | Desolati | Identified the ring of Abbith {rF+ rCorr}
 41530 | Desolati | Identified the +1 longbow of Wariness {heavy, *Corrode
                  | rElec rPois}
 41554 | Desolati | Identified the ring of Liberty {rC+ Str+6 Dex+4 Stlth-}
 41722 | Desolati | Identified the amulet "Qeano" {Acrobat -Tele rCorr Dex-5
                  | SInv}
 41756 | Desolati | Identified the +1 scale mail of Zovvyule {Dex+3}
 42157 | Desolati | Upgraded the game from 0.30.0-17-ge0270778cf to
                  | 0.30.0-18-gc0e69614cb
 42624 | Vaults:1 | Found Osean's Weapon Boutique.
 42719 | Vaults:1 | Reached XP level 20. HP: 156/156 MP: 20/20
 43244 | Vaults:1 | Found Putyf's Weapon Shoppe.
 43520 | Vaults:1 | You fall into a shaft and drop 1 floor!
 44154 | Vaults:2 | Reached skill level 20 in Fighting
 44167 | Vaults:2 | Found a staircase to the Crypt.
 44245 | Vaults:2 | Reached skill level 15 in Armour
 44837 | Snake:4  | Bought the +7 chain mail of Conscience {Rampage rElec
                  | Str+6} for 1454 gold pieces
 45961 | Vaults:2 | Reached XP level 21. HP: 164/164 MP: 21/21
 46241 | Vaults:3 | Found a magical portal.
 46251 | WizLab   | Entered Lehudib's Moon Base
 46301 | WizLab   | Found a transporter.
 47395 | WizLab   | Found a transporter.
 48041 | WizLab   | Reached skill level 1 in Spellcasting
 48083 | WizLab   | Identified the ring "Jiar" {rPois MP+9 Str+2}
 48125 | WizLab   | Got Lehudib's Compilation of Blinking Metal
 48615 | Vaults:3 | Reached skill level 5 in Translocations
 49210 | Vaults:3 | Identified the +1 helmet of Vanity {*Slow Fly Will+ MP+9}
 49213 | Vaults:3 | Identified the amulet "Piucwoti" {Faith Harm rPois Will-
                  | Int+9}
 49577 | Vaults:3 | Reached XP level 22. HP: 144/171 MP: 26/26
 53011 | Elf:1    | Entered Level 1 of the Elven Halls
 53011 | Elf:1    | Found a runed translucent gate.
 53011 | Elf:1    | Found a runed translucent gate.
 53011 | Elf:1    | Found a runed translucent gate.
 53011 | Elf:1    | Found a runed translucent gate.
 53011 | Elf:1    | Found a runed translucent gate.
 53011 | Elf:1    | Found a runed translucent gate.
 53017 | Elf:1    | Found a runed translucent door.
 53140 | Elf:1    | Found a runed translucent door.
 53145 | Elf:1    | Reached skill level 21 in Fighting
 53455 | Elf:1    | Got Zaagiump's Precepts of Exhumation
 53649 | Elf:1    | Found a bloodstained altar of Trog.
 54519 | Elf:2    | Found Legrefip's Book Boutique.
 54778 | Elf:2    | Found a runed translucent gate.
 54778 | Elf:2    | Found a runed translucent gate.
 54778 | Elf:2    | Found a runed translucent gate.
 54903 | Elf:2    | Reached XP level 23. HP: 181/181 MP: 27/27
 55070 | Elf:2    | Reached skill level 22 in Fighting
 55920 | Elf:2    | Reached skill level 10 in Dodging
 55920 | Elf:2    | Reached XP level 24. HP: 180/180 MP: 27/27
 55975 | Elf:3    | Entered Level 3 of the Elven Halls
 55975 | Elf:3    | Identified Roxanne's Parchment of Terra Firma
 55975 | Elf:3    | Noticed Roxanne
 55991 | Elf:3    | Killed Roxanne
 57711 | Vaults:3 | Learned a level 3 spell: Portal Projectile
 58353 | Elf:3    | Reached skill level 1 in Hexes
 59427 | Elf:3    | Identified the +2 leather armour of Ruchegom {Slay+2}
 59659 | Elf:3    | Identified the +2 rapier of Siott {drain, MP+9 Int+4 Dex-5}
 60028 | Elf:3    | Identified the +10 morningstar "Gollax" {elec, rF++ rC-
                  | rCorr Dex+3}
 60971 | Elf:3    | Got the Parchment of the Unclean Arsonist
 61272 | Snake:4  | Bought a manual of Axes for 1200 gold pieces
 61538 | Depths:1 | Entered Level 1 of the Depths
 61581 | Depths:1 | Found a one-way gate leading to the halls of Pandemonium.
 61772 | Depths:1 | Reached skill level 5 in Spellcasting
 61868 | Depths:1 | Found a hide-covered altar of Uskayaw.
 62088 | Depths:1 | Found a gateway to Hell.
 63330 | Depths:2 | Found a runed translucent door.
 63536 | Depths:2 | Reached XP level 25. HP: 195/195 MP: 30/30
 63643 | Depths:2 | Found a one-way gateway to a ziggurat.
 63807 | Depths:2 | Found Megudis's Magic Scroll Shoppe.
 64324 | Depths:2 | Found a one-way gate to the infinite horrors of the Abyss.
 64355 | Depths:2 | Reached skill level 15 in Shields
 64465 | Depths:2 | Found a runed translucent door.
 64638 | Depths:3 | Noticed a juggernaut
 64657 | Depths:3 | Killed a juggernaut
 65099 | Depths:3 | Found Eten Qiss's General Store.
 66054 | Depths:3 | Identified the +8 long sword of Toganty {flame, Contam
                  | +Blink Will+ Int+3}
 66311 | Depths:3 | Found Veatouck's Armour Emporium.
 66608 | Depths:3 | You fall into a shaft and drop 1 floor!
 66608 | Depths:4 | Entered Level 4 of the Depths
 66759 | Depths:4 | Noticed a juggernaut
 66785 | Depths:3 | Killed a juggernaut
 66861 | Depths:4 | Noticed Parghit
 67597 | Depths:4 | Reached XP level 26. HP: 170/197 MP: 26/30
 67884 | Depths:3 | Found Tosmup's Antique Armour Boutique.
 68013 | Depths:3 | Found Luomer's Magic Scroll Boutique.
 68016 | Depths:3 | Bought a scroll of magic mapping for 97 gold pieces
 68016 | Depths:3 | Bought a scroll of enchant weapon for 97 gold pieces
 68016 | Depths:3 | Bought a scroll of fog for 52 gold pieces
 68080 | Depths:3 | Found a portal to a secret trove of treasure.
 68232 | Depths:3 | Found Udeal's Jewellery Shop.
 69485 | Depths:4 | Killed Parghit
 69958 | Depths:4 | Found a broken altar of Ashenzari.
 70166 | Depths:4 | Found a gate to the Realm of Zot.
 70672 | Vaults:5 | Entered Level 5 of the Vaults
 72435 | Vaults:5 | Noticed an ancient lich
 72527 | Vaults:4 | Killed an ancient lich
 73623 | Vaults:5 | Found Guhe's Assorted Antiques.
 73628 | Vaults:5 | Identified the ring of Dimoid {Wiz rF+}
 73633 | Vaults:5 | Identified the +3 broad axe "Wohohygo" {holy, Str+2 Dex+4}
 73776 | Vaults:5 | Identified the +7 great sword "Dragonbane" {flame, Dex+5}
 73867 | Vaults:5 | Identified the +3 demon trident of the Onslaught {speed,
                  | rPois rF++ Dex-5 SInv}
 73884 | Vaults:5 | Got a silver rune of Zot
 74070 | Vaults:5 | Identified the +7 whip of Shrieking Terror {freeze, Str-5
                  | Dex+7}
 74071 | Vaults:5 | Identified the ring of Geor Lyrch {rF+ Dex+6 SInv}
 74793 | Zot:1    | Entered Level 1 of the Realm of Zot
 74915 | Depths:4 | Reached XP level 27. HP: 206/207 MP: 30/30
 77299 | Zot:2    | Noticed an orb of fire
 77303 | Zot:2    | Gained mutation: You are clumsy. (Dex -2) [an orb of fire]
 77313 | Zot:2    | Killed an orb of fire
 77314 | Zot:2    | Reached skill level 23 in Fighting
 77344 | Zot:2    | Noticed an ancient lich
 77354 | Zot:2    | Killed an ancient lich
 77458 | Zot:2    | Found a stormy altar of Qazlal.
 80417 | Zot:3    | Found a transporter.
 80485 | Zot:3    | Found a transporter.
 81397 | Zot:3    | Reached skill level 24 in Fighting
 82369 | Depths:3 | You paid a toll of +4 storm dragon scales to enter a
                  | treasure trove
 82370 | Trove    | Entered a treasure trove
 82391 | Trove    | Identified the +0 cloak of the End {Int+3}
 82396 | Trove    | Identified the +5 ring mail of the Tundras {Will+}
 82397 | Trove    | Identified the ring "Ilegi" {rF- rC+ Dex+3 Slay+3}
 82402 | Trove    | Identified the +1 halberd of Nucuthrezirph {venom, rPois
                  | rN+}
 82879 | Zot:4    | Reached skill level 25 in Fighting
 83129 | Zot:5    | Entered Level 5 of the Realm of Zot
 85020 | Zot:5    | Noticed a Killer Klown
 85033 | Zot:5    | Noticed an ancient lich
 85054 | Zot:5    | Killed an ancient lich
 85542 | Zot:5    | Killed a Killer Klown
 85837 | Zot:5    | Noticed an orb of fire
 85862 | Zot:5    | Gained mutation: Your body sometimes deteriorates upon
                  | taking damage. [an orb of fire]
 85864 | Zot:5    | Killed an orb of fire
 85945 | Zot:5    | Noticed a dread lich
 85956 | Zot:5    | Killed a dread lich
 85966 | Zot:5    | Noticed an orb of fire
 85982 | Zot:5    | Gained mutation: You are weak. (Str -2) [an orb of fire]
 85984 | Zot:5    | Killed an orb of fire
 86015 | Zot:4    | Lost mutation: Your body sometimes deteriorates upon taking
                  | damage. [potion of mutation]
 86015 | Zot:4    | Lost mutation: You are weak. (Str -2) [potion of mutation]
 86015 | Zot:4    | Lost mutation: You are clumsy. (Dex -2) [potion of
                  | mutation]
 86015 | Zot:4    | Gained mutation: You are strong-willed. (Will+) [potion of
                  | mutation]
 86015 | Zot:4    | Gained mutation: You have large cloven feet. [potion of
                  | mutation]
 86015 | Zot:4    | Gained mutation: You expend magic power (3 MP) to
                  | strengthen your wands. [potion of mutation]
 86031 | Zot:5    | Noticed a dread lich
 86043 | Zot:5    | Killed a dread lich
 86157 | Zot:5    | Noticed a Killer Klown
 86660 | Zot:5    | Noticed an ancient lich
 86669 | Zot:5    | Killed an ancient lich
 86966 | Zot:5    | Noticed an ancient lich
 87009 | Zot:5    | Killed an ancient lich
 87363 | Zot:5    | Noticed an orb of fire
 87368 | Zot:5    | Gained mutation: Your body sometimes deteriorates upon
                  | taking damage. [an orb of fire]
 87373 | Zot:5    | Gained mutation: You are vulnerable to heat. (rF-) [an orb
                  | of fire]
 87377 | Zot:5    | Gained mutation: Your system is resistant to poisons.
                  | (rPois) [an orb of fire]
 87379 | Zot:5    | Killed an orb of fire
 87695 | Zot:5    | Gained mutation: You are very frail. (-20% HP) [mutagenic
                  | glow]
 87711 | Zot:4    | Gained mutation: Armour fits poorly on your strangely
                  | shaped body. [mutagenic glow]
 87738 | Zot:4    | Lost mutation: You are strong-willed. (Will+) [potion of
                  | mutation]
 87738 | Zot:4    | Lost mutation: You are very frail. (-20% HP) [potion of
                  | mutation]
 87738 | Zot:4    | Lost mutation: Your body sometimes deteriorates upon taking
                  | damage. [potion of mutation]
 87738 | Zot:4    | Gained mutation: Your spells are a little easier to cast,
                  | but a little less powerful. [potion of mutation]
 87738 | Zot:4    | Gained mutation: You are clumsy. (Dex -2) [potion of
                  | mutation]
 87738 | Zot:4    | Lost mutation: Your spells are a little easier to cast, but
                  | a little less powerful. [potion of mutation]
 87739 | Zot:4    | Lost mutation: You have large cloven feet. [potion of
                  | mutation]
 87739 | Zot:4    | Lost mutation: Armour fits poorly on your strangely shaped
                  | body. [potion of mutation]
 87739 | Zot:4    | Gained mutation: You are strong-willed. (Will+) [potion of
                  | mutation]
 87739 | Zot:4    | Gained mutation: You have large cloven feet. [potion of
                  | mutation]
 87740 | Zot:4    | Lost mutation: You are vulnerable to heat. (rF-) [potion of
                  | mutation]
 87740 | Zot:4    | Lost mutation: Your system is resistant to poisons. (rPois)
                  | [potion of mutation]
 87740 | Zot:4    | Lost mutation: You are clumsy. (Dex -2) [potion of
                  | mutation]
 87740 | Zot:4    | Gained mutation: You are dopey. (Int -2) [potion of
                  | mutation]
 88137 | Zot:5    | Noticed an ancient lich
 88154 | Zot:5    | Killed an ancient lich
 88256 | Zot:5    | Noticed a dread lich
 88268 | Zot:5    | Killed a dread lich
 88269 | Zot:5    | Reached skill level 26 in Fighting
 88898 | Zot:5    | Killed a Killer Klown
 89186 | Zot:5    | Noticed a dread lich
 89191 | Zot:5    | Killed a dread lich
 89256 | Zot:5    | Noticed a Killer Klown
 89267 | Zot:5    | Noticed an ancient lich
 89277 | Zot:5    | Killed a Killer Klown
 89492 | Zot:5    | Noticed a dread lich
 89507 | Zot:5    | Killed a dread lich
 90289 | Zot:5    | Killed an ancient lich
 92004 | Zot:5    | Got the Orb of Zot
 92385 | D:14     | Reached skill level 27 in Fighting
 92641 | D:$      | Escaped with the Orb!

Illustrated notes

Levels and vault maps discovered:
D:1:      nicolae_arrival_memento_mori, layout_basic, serial_bayou_pond_d,
          st_stairs_10
D:2:      minmay_angry_zag, layout_basic, nicolae_ecumenical_lake_church,
          minmay_shallow_snake_nest, uniq_jessica, uniq_robin
D:3:      layout_loops_corners, nicolae_ru_great_annihilating_truth,
          nemelex_xobeh_ov_fountains_minmay, uniq_ijyb, uniq_crazy_yiuf_cottage
D:4:      layout_basic, nicolae_overflow_squiral, gup_sewer_entry_bowl,
          uniq_blork_the_orc
D:5:      layout_cave_pools, fiery_altar_vehumet,
          gammafunk_temple_overflow_statue
D:6:      layout_gridville, kennysheep_generic_room_13, uniq_grinder
D:7:      layout_basic, nzn_wu_jian_council_hall,
          minmay_temple_entry_stoned_glass
D:8:      minmay_bloctagon, layout_loops_ring, mainiacjoe_overflow_alcove_4,
          uniq_maurice, uniq_prince_ribbit1
D:9:      layout_loops_ring, mainiacjoe_overflow_small_starburst,
          old_standard_altar
D:10:     layout_long_grid, hellmonk_lair_entry_icy, serial_shops, shop
D:11:     layout_grid_maze, zin_angel
D:12:     layout_basic, serial_shops, shop, shop, shop, minmay_starry_boxes
D:13:     minmay_dotted_concentric_squares, layout_cave_pools
D:14:     layout_gridville, erik_vaults_2, nicolae_twisting_strands
D:15:     grunt_enter_depths_hoard, layout_gridville,
          nicolae_concentric_dashed_squares_mild, serial_rivers,
          chequers_serial_rivers_micro_b, chequers_serial_rivers_micro_e,
          chequers_serial_rivers_marsh, chequers_serial_rivers_small_a
Lair:1:   layout_hall_layers, serial_bayou_shore_a, grunt_megastairs_1
Lair:2:   layout_concentric_octagons, nicolae_swamp_entry_splash_gauntlet,
          minmay_snake_entry_six_corridors, gauntlet_entry_generic,
          minmay_shattered_shrine, infiniplex_staircase_pool_2
Lair:3:   layout_gridlike
Lair:4:   layout_regular_city, dpeg_slime_entry_corner,
          ebering_ghost_rock_garden
Lair:5:   evilmike_catoblepas_cave, layout_hall_layers, minivault_25,
          minivault_11, lemuel_fruit_tree, uniq_snorg, uniq_kirke
Swamp:1:  layout_basic_swamp, evilmike_swamp_ruin_rubble_2, roderic_carrion_pond
Swamp:2:  layout_basic_swamp, evilmike_swamp_ruin_house_1
Swamp:3:  layout_falls_marsh, evilmike_swamp_ruin_rubble_1,
          infiniplex_staircase_pool
Swamp:4:  swamp, layout_basic_swamp, swamp_pool1
Snake:1:  gammafunk_sealed_arena, layout_basic,
          nicolae_snake_guarding_the_ruins, uniq_aizul, uniq_rupert,
          uniq_asterion
Snake:2:  layout_onion
Snake:3:  layout_chambers, ebering_ghost_reflecting_pool,
          nicolae_triple_integral
Snake:4:  grunt_snake_rune_pools, layout_cave_town, serial_shops,
          nicolae_shop_crystal, nicolae_shop_back_alley_shop,
          nicolae_shop_advertising_works [nicolae_subvault_shop_adworks],
          nicolae_shop_statue_plus
Orc:1:    layout_caves, basic_altar, minmay_orc_treasury
Orc:2:    st_orc_open, layout_caves, basic_altar, ebering_ghost_reflecting_pool,
          nicolae_orc_flooded_monolith
Elf:1:    nicolae_elf_arrival_dilemma, layout_geoelf_octagon,
          minmay_elf_necromancy, evilmike_spriggan_trog_shrine
Elf:2:    elven_hall_of_blades_hangedman_original [nicolae_blade_bullseye],
          layout_onion_city, serial_shops, shop
Elf:3:    minmay_elf_hall_x, layout_geoelf_octagon, uniq_roxanne
Vaults:1: portal_desolation_entry_holy_temple, vaults_room_grunt_arrival_ludios,
          vaults_room_fancy_cross, ontoclasm_vaults_loading_screen,
          vaults_mumra_chevron, nicolae_vaults_storage_closets_3,
          nicolae_vaults_more_shelving_1, nicolae_vaults_apartment_1,
          nicolae_vaults_taking_the_gang_shopping, v_misc_16, vaults_room_pools,
          nicolae_vaults_security_offices_3, grunt_vaults_funnel,
          nicolae_vaults_shelves_hall, v_misc_24, layout_vaults_omnicross,
          serial_shops, shop
Vaults:2: nicolae_vaults_closet_pinwheel_4, minmay_crypt_entry_simple_round,
          nicolae_vaults_asterisk, vaults_room_ringed_pool,
          hangedman_vaults_impose, nicolae_vaults_steering_wheel,
          nicolae_vaults_tetromino_L_1, vaults_room_corners,
          nicolae_vaults_prndl, nicolae_vaults_hallways_thing,
          nicolae_vaults_offset_grid_hallway_2, nicolae_vaults_big_ls,
          hangedman_vaults_stagger, nicolae_vaults_sesquioval_fish,
          grunt_vaults_focal, layout_vaults_maze_snakey
Vaults:3: mu_enter_wizlab_2, nicolae_vaults_antechamber_and_loot_room,
          v_misc_33, vaults_dpeg_spiral, hangedman_vaults_pinch,
          nicolae_vaults_network_quinsquares
          [nicolae_vaults_network_quincunx_subvault,
          nicolae_vaults_network_quincunx_subvault,
          nicolae_vaults_network_quincunx_subvault,
          nicolae_vaults_network_quincunx_subvault],
          ontoclasm_vaults_ring_square, dpeg_vaults_monster_box,
          vaults_dpeg_ring, nicolae_vaults_tetromino_Z_2,
          layout_vaults_chaotic_city, serial_glass
Vaults:4: nicolae_vaults_prndl, nicolae_vaults_tangram_2,
          ontoclasm_vaults_ring_square, nicolae_vaults_closet_pinwheel_3,
          vaults_mumra_minichess, vaults_room_hallway,
          nicolae_vaults_trapezoid_3, nicolae_vaults_tetromino_Z_1,
          nicolae_vaults_house_3, layout_vaults_quadrants
Vaults:5
Depths:1: layout_roguey, nicolae_uskayaw_dance_hall, grunt_pan_entry_in_and_out,
          hell_entry, lemuel_freeze_loot_1, grunt_megastairs_4
Depths:2: thingy_vault_2, layout_basic, enter_ziggurat_e,
          rand_demon_pan_entry_4, abyss_entry, serial_shops,
          nicolae_shop_rolling_square, hell_entry, minivault_22,
          chequers_serial_rivers_micro_b, lemuel_flames_and_gold,
          minmay_staircase_bubble, serial_bayou_shore_b, serial_bayou_shore_b
Depths:3: nicolae_terramorphic_expanse [nicolae_terramorphic_quarter,
          nicolae_terramorphic_quarter, nicolae_terramorphic_quarter,
          nicolae_terramorphic_quarter, nicolae_terramorphic_quarter,
          nicolae_terramorphic_biome, nicolae_terramorphic_biome,
          nicolae_terramorphic_biome, nicolae_terramorphic_biome], layout_basic,
          nicolae_trove_entry_crystal, hangedman_geh_valley, serial_shops, shop,
          nicolae_shop_real_fake_doors, nicolae_shop_statue_plus,
          nicolae_shop_tiny_glass, nicolae_shop_rolled_up, nrook_campfire,
          abyss_entry, minmay_strange_pillars
Depths:4: grunt_zot_entry_funnels, layout_cave_pools, grunt_mini_vestibule,
          nicolae_ashenzari_skybound, uniq_parghit
Zot:1:    layout_onion_interference
Zot:2:    regret_index_qazlal_generations, layout_twisted_circle,
          lemuel_baited_zot_trap
Zot:3:    kennysheep_bubbly, layout_misc_corridors, nicolae_diode_stairs
Zot:4:    nicolae_zot_stationary_front, layout_basic, grunt_megastairs_2
Zot:5:    layout_basic, lemuel_flame_loot_1

Skill      XL: |  1  2  3  4  5  6  7  8  9 10 11 12 13 14 15 16 17 18 19 20 21 22 23 24 25 26 27 |
---------------+----------------------------------------------------------------------------------+-----
Dodging        | 2 3 4 5 7 9 10 11 14 | 14.0
Fighting       | 3 4 5 6 8 9 11 13 15 16 17 18 19 20 21 22 27 | 27.0
Ranged Weapons | 5 6 7 8 10 12 13 15 16 17 18 | 18.0
Shields        | 2 7 10 12 13 14 15 17 | 17.0
Armour         | 1 3 4 6 7 9 10 11 13 15 16 18 20 23 24 | 24.0
Stealth        | 2 |  2.0
Polearms       | 6 8 10 | 10.0
Translocations | 3 6 7 8 9 |  9.0
Axes           | 9 12 13 15 16 17 19 21 23 | 23.3
Spellcasting   | 3 5 |  5.0
Hexes          | 4 |  4.0

Action                     |  1- 3 |  4- 6 |  7- 9 | 10-12 | 13-15 | 16-18 | 19-21 | 22-24 | 25-27 || total
---------------------------+-------+-------+-------+-------+-------+-------+-------+-------+-------++-------
  Melee: Dagger            |       |   157 |   167 |    31 |       |       |       |       |       ||   355
         Punch             |       |     2 |     3 |       |       |       |       |       |       ||     5
         Spear             |       |       |       |   635 |  1582 |   461 |       |       |       ||  2678
         Quarterstaff      |       |       |       |   136 |       |       |       |       |       ||   136
         Broad axe         |       |       |       |       |       |   866 |  1195 |   716 |  1620 ||  4397
         Morningstar       |       |       |       |       |       |    18 |    49 |       |   251 ||   318
         Battleaxe         |       |       |       |       |       |       |     6 |       |       ||     6
         Executioner's axe |       |       |       |       |       |       |       |   100 |   442 ||   542
   Fire: Shortbow          |    75 |   131 |   179 |   107 |   286 |   330 |    26 |       |       ||  1134
         Hand crossbow     |       |       |       |       |     2 |       |       |       |       ||     2
         Arbalest          |       |       |       |       |       |       |    64 |   216 |   222 ||   502
  Throw: Dart              |       |       |       |     4 |       |     7 |       |       |     1 ||    12
         Throwing net      |       |       |       |     2 |       |       |       |       |       ||     2
   Cast: Passage of Golubr |       |       |       |       |       |       |       |     1 |       ||     1
         Portal Projectile |       |       |       |       |       |       |       |       |     5 ||     5
 Invoke: Sacrifice Artific |       |       |     1 |       |       |       |       |       |       ||     1
         Sacrifice Love    |       |       |     1 |       |       |       |       |       |       ||     1
         Draw Out Power    |       |       |       |     3 |     1 |     2 |     1 |     1 |       ||     8
         Sacrifice Health  |       |       |       |     1 |       |       |       |       |       ||     1
         Sacrifice Resista |       |       |       |     1 |       |       |       |       |       ||     1
         Power Leap        |       |       |       |       |     1 |     1 |       |       |     1 ||     3
         Apocalypse        |       |       |       |       |       |     1 |     1 |       |     1 ||     3
Ability: Dig               |       |       |     2 |       |     1 |     1 |     1 |     1 |       ||     6
  Evoke: Wand              |       |     3 |       |       |       |       |       |       |       ||     3
    Use: Scroll            |       |    11 |     7 |     8 |     1 |     9 |     2 |     2 |    18 ||    58
         Potion            |       |     1 |     3 |     2 |       |     1 |       |     1 |     6 ||    14
   Stab: Sleeping          |       |     3 |       |       |       |       |       |       |       ||     3
         Distracted        |       |     1 |       |     6 |    12 |    12 |     7 |     3 |    27 ||    68
         Paralysed         |       |     1 |       |     3 |    30 |     4 |    13 |     1 |    12 ||    64
         Invisible         |       |       |     3 |     6 |     9 |    23 |    18 |       |    62 ||   121
         Petrified         |       |       |       |     6 |       |       |       |       |       ||     6
         Held in net/web   |       |       |       |     4 |       |       |       |       |       ||     4
         Petrifying        |       |       |       |     3 |       |       |       |       |       ||     3
 Armour: Leather armour    |     2 |    87 |    47 |    44 |       |       |       |       |       ||   180
         Plate armour      |       |       |       |   103 |   360 |   502 |   191 |       |       ||  1156
         Chain mail        |       |       |       |       |       |       |    93 |   138 |   137 ||   368
         Gold dragon scale |       |       |       |       |       |       |       |       |   635 ||   635
  Dodge: Dodged            |    12 |   168 |    86 |   147 |   215 |   270 |   198 |   156 |   544 ||  1796
  Block: Other             |     3 |    72 |    33 |       |       |       |       |       |       ||   108
         Reflection        |       |     4 |     8 |     7 |    86 |   106 |    47 |    95 |    78 ||   431
         Kite shield       |       |       |    92 |   648 |  1321 |  1055 |       |       |       ||  3116
         Tower shield      |       |       |       |       |       |   270 |  1054 |   673 |  2066 ||  4063
Riposte: Spear             |       |       |       |       |   217 |   111 |       |       |       ||   328
         Broad axe         |       |       |       |       |       |   243 |   371 |   155 |   539 ||  1308
         Morningstar       |       |       |       |       |       |     5 |    18 |       |    91 ||   114
         Battleaxe         |       |       |       |       |       |       |     2 |       |       ||     2
         Executioner's axe |       |       |       |       |       |       |       |    40 |   100 ||   140
